Map: Catalyst LE

Players

Pajak

  • Race: Protoss Protoss
  • Spawn Location: 11:00

Dessa - Winner!

  • Race: Zerg Zerg
  • League: Diamond
  • Spawn Location: 5:00

VOD

Have the link to the VOD?

Description

Time

  • Played on: Dec. 19, 2017, 3:43 p.m.
  • Length: 12:20
Show
View Real Time Build Order
Export as new Build Order

Pajak Protoss 

Build Orders:  

Get SALT Encoding   

  12  0:01  Probe (Chrono Boost)  
  13  0:11  Probe (Chrono Boost)  
  14  0:20  Pylon  
  14  0:25  Probe  
  15  0:38  Probe  
  16  0:46  Gateway  
  16  0:47  Assimilator  
  16  0:50  Probe  
  17  1:02  Probe  
  18  1:05  Pylon  
  18  1:14  Probe  
  19  1:24  Pylon  
  19  1:26  Probe  
  20  1:37  Gateway  
  20  1:38  Probe  
  20  1:39  Cybernetics Core  
  21  1:51  Probe (Chrono Boost), Pylon  
  22  1:55  Zealot  
  24  2:14  Gateway  
  24  2:17  Gateway  
  24  2:24  Warp Gate (Chrono Boost)  
  24  2:27  Pylon  
  24  2:37  Stalker  
  26  2:39  Zealot  
  28  3:04  Zealot x2  
  32  3:14  Zealot x2  
  36  3:34  Pylon  
  36  3:39  Pylon  
  36  4:14  Zealot x2  
  36  4:17  Zealot x2  
  44  4:39  Pylon  
  44  4:47  Nexus, Zealot x3  
  44  4:48  Zealot  
  52  5:08  Twilight Council  
  52  5:11  Pylon  
  46  5:32  Assimilator  
  42  5:37  Zealot x2  
  42  5:38  Zealot x2  
  34  6:04  Probe x2, Pylon  
  34  6:05  Blink (Chrono Boost)  
  36  6:15  Stalker x2  
  36  6:16  Probe  
  41  6:22  Stalker  
  43  6:34  Gateway  
  43  6:37  Probe x2  
  45  6:49  Probe  
  45  6:50  Probe  
  47  6:56  Robotics Facility  
  47  7:01  Probe (Chrono Boost)  
  47  7:04  Probe (Chrono Boost)  
  49  7:09  Stalker  
  49  7:12  Probe (Chrono Boost)  
  49  7:14  Stalker  
  54  7:23  Stalker  
  54  7:25  Probe x2 (Chrono Boost)  
  54  7:29  Assimilator  
  58  7:32  Assimilator  
  59  7:37  Probe (Chrono Boost)  
  59  7:43  Immortal  
  63  7:45  Probe (Chrono Boost)  
  63  7:46  Probe (Chrono Boost)  
  65  7:53  Pylon  
  65  7:57  Probe x2  
  66  8:14  Stalker  
  66  8:16  Probe x2  
  70  8:25  Immortal (Chrono Boost)  
  74  8:29  Zealot  
  74  8:31  Probe  
  74  8:32  Probe  
  78  8:44  Nexus  
  78  8:47  Pylon  
  78  8:51  Observer (Chrono Boost)  
  78  8:54  Charge  
  79  8:59  Stalker x2  
  79  9:02  Sentry  
  85  9:11  Immortal  
  89  9:24  Pylon  
  89  9:25  Pylon  
  89  9:42  Probe x2  
  91  9:49  Gateway  
  91  9:50  Zealot x3  
  91  9:51  Gateway  
  97  9:54  Gateway  
  97  10:01  Stalker  
  97  10:03  Probe x3  
  102  10:12  Robotics Bay  
  102  10:21  Probe  
  102  10:22  Probe x2, Pylon  
  102  10:24  Sentry x3  
  111  10:35  Immortal (Chrono Boost)  
  115  10:50  Zealot x3  
  115  10:51  Zealot  
  123  10:59  Shield Battery  
  123  11:03  Pylon  
  123  11:04  Assimilator  
  123  11:06  Assimilator  
  123  11:09  Forge  
  123  11:11  Probe x2  
  125  11:13  Forge  
  125  11:21  Probe  
  125  11:22  Sentry x3  
  116  11:51  Stalker x5  
  88  12:11  Stalker x2  
Show
View Real Time Build Order
Export as new Build Order

Dessa Zerg - Winner!

Build Orders: Pool First 

Get SALT Encoding   

  12  0:00  Drone  
  13  0:13  Overlord  
  13  0:19  Drone  
  14  0:32  Drone x2  
  16  0:36  Drone  
  17  0:57  Spawning Pool  
  16  1:12  Drone  
  16  1:14  Extractor  
  16  1:37  Drone  
  16  1:38  Hatchery  
  16  1:47  Zergling x4  
  18  1:54  Queen  
  18  1:55  Drone  
  21  2:02  Drone  
  22  2:19  Overlord  
  22  2:22  Hatchery  
  21  2:36  Queen  
  21  2:37  Metabolic Boost  
  21  2:41  Drone  
  24  2:45  Drone  
  24  2:48  Drone  
  26  2:59  Queen  
  28  3:09  Drone x2  
  30  3:14  Overlord  
  30  3:21  Drone x2  
  30  3:25  Drone  
  33  3:28  Drone  
  33  3:31  Drone  
  35  3:38  Queen  
  37  3:59  Drone x3, Roach Warren  
  37  4:01  Drone x3  
  42  4:13  Zergling x6  
  45  4:42  Roach x2  
  45  4:43  Overlord x2  
  49  4:51  Overlord x2  
  49  4:56  Hatchery  
  48  5:06  Roach x6  
  55  5:24  Roach x2  
  55  5:33  Drone x3  
  52  5:41  Queen x2  
  49  5:43  Roach x3  
  53  5:52  Drone x2  
  53  5:53  Drone x2  
  57  6:10  Drone x2, Extractor  
  57  6:11  Extractor, Roach x2  
  57  6:16  Queen  
  63  6:23  Overlord  
  63  6:25  Lair  
  63  6:27  Drone  
  63  6:28  Drone x2  
  63  6:29  Drone  
  67  6:37  Drone x2  
  67  6:38  Drone  
  70  6:46  Drone  
  70  6:47  Drone  
  72  6:55  Drone  
  72  6:56  Drone x3  
  76  7:02  Drone  
  76  7:03  Extractor  
  76  7:08  Pneumatized Carapace, Extractor  
  76  7:15  Evolution Chamber  
  74  7:16  Evolution Chamber  
  74  7:17  Roach x6  
  74  7:18  Overlord  
  74  7:22  Overlord  
  85  7:23  Roach  
  85  7:24  Roach, Glial Reconstitution  
  89  7:33  Overlord x2  
  89  7:44  Zerg Ground Armor Level 1, Zerg Missile Weapons Level 1  
  89  7:46  Overlord  
  89  7:49  Drone  
  90  8:03  Drone x4  
  94  8:07  Hydralisk Den  
  94  8:08  Drone x2  
  94  8:09  Drone  
  96  8:14  Roach x4  
  96  8:15  Roach x5  
  96  8:16  Zergling x2  
  115  8:26  Overlord x2  
  115  8:30  Zergling x8  
  120  8:34  Zergling x4  
  120  8:39  Zergling x4  
  120  8:40  Zergling x2  
  124  8:57  Drone x2  
  126  9:07  Hydralisk x2  
  126  9:08  Hydralisk x6  
  126  9:09  Hydralisk  
  144  9:13  Hatchery  
  144  9:14  Drone x3, Extractor  
  145  9:24  Overlord  
  144  9:39  Zerg Missile Weapons Level 2  
  144  9:40  Zerg Ground Armor Level 2  
  144  9:42  Drone  
  144  9:43  Overlord  
  144  9:45  Muscular Augments  
  145  9:47  Drone x3  
  145  9:48  Drone x3  
  150  10:25  Queen  
  150  10:28  Overlord  
  152  10:29  Extractor, Overlord  
  152  10:31  Hydralisk  
  152  10:32  Roach, Hydralisk x4  
  152  10:33  Roach x2, Extractor  
  166  10:38  Overlord  
  166  11:01  Lurker Den  
  166  11:03  Overlord  
  165  11:05  Drone x3  
  165  11:06  Drone x3  
  165  11:08  Overlord  
  171  11:21  Overseer  
  152  11:52  Hydralisk  
  152  11:53  Roach x3, Hydralisk x7  
  152  11:54  Roach x7, Hydralisk  
Tags
 
League
Diamond
Matchup
PvZ
Opening
Pool First
Replay Pack
2017S4
Spawn Locations
Cross Positions
Add a new tag
Caveats
  • Supply blocks, unpowered buildings, or Contaminate may cause inaccurate times.
  • Supply counts are checked every 10 seconds.